 Dungeon Crawl Stone Soup version 0.22-a0-803-gd6d8abe (webtiles) character file.

4 Leszczynek the Magician (level 1, 0/14 HPs)
             Began as a Ghoul Wizard on July 22, 2018.
             Killed from afar by a dart slug (6 damage)
             ... with a slug dart
             ... on level 1 of the Dungeon.
             The game lasted 00:04:24 (389 turns).

Leszczynek the Magician (Ghoul Wizard)               Turns: 389, Time: 00:04:25

Health: 0/14       AC:  3    Str: 10    XL:     1   Next: 70%
Magic:  1/3        EV: 12    Int: 13    God:
Gold:   55         SH:  0    Dex:  7    Spells: 4/5 levels left

rFire    . . .     SeeInvis .     - Unarmed
rCold    + . .     Gourm    .   (no shield)
rNeg     + + +     Faith    .   a - +0 robe
rPois    ∞         Spirit   .   b - +0 hat
rElec    .         Reflect  .   (no cloak)
rCorr    .         Harm     .   (no gloves)
MR       .....                  j - +0 pair of boots
Stlth    ++........             (no amulet)
HPRegen  0.00/turn              (no ring)
MPRegen  0.08/turn              (no ring)

@: very slightly contaminated, rotting
A: rotting body, claws 1, carnivore, cold resistance 1, negative energy
resistance 3, inhibited regeneration, torment resistance, unbreathing
a: no special abilities


You were on level 1 of the Dungeon.
You were not hungry.

You visited 1 branch of the dungeon, and saw 3 of its levels.

You collected 55 gold pieces.

Inventory:

Hand Weapons
 e - a cursed +0 dagger
Armour
 a - a +0 robe (worn)
 b - a +0 hat (worn)
 j - a +0 pair of boots (worn)
Scrolls
 f - a scroll of identify {unknown}
 g - a scroll of teleportation
 h - a scroll of remove curse {unknown}
Potions
 c - 3 potions of curing {unknown}
 i - a potion of ambrosia {unknown}
 k - a potion of might {unknown}
Comestibles
 d - 2 rations


   Skills:
 - Level 1.7 Dodging
 - Level 2.1 Stealth
 + Level 1.3 Unarmed Combat
 - Level 2.6 Spellcasting
 - Level 0.7 Conjurations
   Level 0.8 Summonings
   Level 0.8 Translocations


You had 4 spell levels left.
You knew the following spells:

 Your Spells              Type           Power        Failure   Level  Hunger
a - Magic Dart            Conj           #...         19%         1    #......

Your spell library contained the following spells:

 Spells                   Type           Power        Failure   Level  Hunger
 Conjure Flame            Conj/Fire      #.......     52%         3    ###....
 Slow                     Hex            #.......     34%         2    ###....
 Mephitic Cloud           Conj/Pois/Air  #.......     54%         3    ###....
 Blink                    Tloc           N/A          26%         2    ###....
 Call Imp                 Summ           #.......     26%         2    ###....


Dungeon Overview and Level Annotations

Branches:
Dungeon (3/15)

Altars:
Zin

Annotations:
D:2 Natasha
D:3 Grinder


Innate Abilities, Weirdness & Mutations

Your body is rotting away.
You thrive on raw meat.
You are immune to poison.
You have sharp fingernails.
You are carnivorous and can eat meat at any time.
Your flesh is cold resistant. (rC+)
You are immune to negative energy. (rN+++)
You do not regenerate when monsters are visible.
You are immune to unholy pain and torment.
You can survive without breathing.


Message History

Aiming: Magic Dart (safe; 19% risk of failure)
Press: ? - help, Shift-Dir - straight line, f - dart slug
Aim: a dart slug (resting)
The magic dart hits the dart slug.
You see here a whip.
You see here a whip.
Casting: Magic Dart (safe; 19% risk of failure)
Confirm with . or Enter, or press ? or * to list all spells.
Aiming: Magic Dart (safe; 19% risk of failure)
Press: ? - help, Shift-Dir - straight line, f/p - dart slug
Aim: a dart slug (clinging)
You miscast Magic Dart.
You are very lightly contaminated with residual magic.
Nothing appears to happen.
The dart slug launches a dart at you. The slug dart hits you!
You see here 17 bolts.
The dart slug launches a dart at you. The slug dart hits you!
You die...

######.####.###.. #.#
#...........# .. #.#
#......w....# .. #.#
#....(......# .. #.#
#...........# .. #.#######
#....÷(.....# #.#.....#
#...........#
###.#.###.######...........#
#..>...........@...........#
####.#.###.######...........#
......(....# #..)........#
###.###.#### #...........#
........# #######+#####
.##.##..##### .#..........#
.#..#.#####.# .. .'..#.# #.#
#.#


You could see a dart slug.

Vanquished Creatures
  A giant cockroach (D:1)
  2 frilled lizards
  2 kobolds
  A rat (D:1)
6 creatures vanquished.

Notes
Turn   | Place    | Note
-------+----------+-------------------------------------------
     0 | D:1      | Leszczynek the Ghoul Wizard began the quest for the Orb.
     0 | D:1      | Reached XP level 1. HP: 14/14 MP: 3/3
     0 | D:1      | so actually i have good magic apts
     0 | D:1      | good or decent
     0 | D:1      | too bad none of those decent or good apts apply to my start
     0 | D:1      | so i think i'll just make it a normal UC ghoul
     0 | D:1      | :)
     0 | D:1      | 19% for magic dart
     0 | D:1      | oh boy
     0 | D:1      | 19% failure
   181 | D:3      | Found a glowing silver altar of Zin.
   188 | D:3      | Noticed Grinder
   206 | D:2      | Reached skill level 1 in Unarmed Combat
   254 | D:2      | Noticed Natasha
   261 | D:2      | Ouch! That really hurt!
   389 | D:1      | Killed from afar by a dart slug

Vault maps used:
D:1:      minmay_arrival_five_plusses
D:2:      uniq_natasha
D:3:      kennysheep_six_static_rooms, lemuel_round_altar, lemuel_round_altar,
          portal_sewer_entry_a, first_ration, uniq_robin, uniq_ijyb,
          uniq_grinder

Skill      XL: |  1 |
---------------+----+-----
Unarmed Combat | 1 |  1.3
Dodging        | |  1.7
Stealth        | |  2.1
Spellcasting   | |  2.6
Conjurations   | |  0.7
Summonings     | |  0.8
Translocations | |  0.8

Action                   || total
-------------------------++-------
Melee: Unarmed           ||     3
 Cast: Magic Dart        ||    12
  Use: Scroll            ||     1
  Eat: Chunk             ||     2
Armor: Robe              ||     1
Dodge: Dodged            ||     2

Table legend:
 A = Spawn XP
 B = Non-spawn XP
 C = Spawn XP percentage of total XP
 D = Spawn monster count
 E = Non-spawn monster count
 F = Spawn count percentage of total count
 G = Total turns spent on level
                    A         B        C        D         E        F      G
               +---------+---------+-------+---------+---------+-------+---------
         Total |       0 |       7 |   0.0 |       0 |       6 |   0.0 |   389
               +---------+---------+-------+---------+---------+-------+---------
           D:1 |       0 |       5 |   0.0 |       0 |       4 |   0.0 |   190
           D:2 |       0 |       2 |   0.0 |       0 |       2 |   0.0 |   177
               +---------+---------+-------+---------+---------+-------+---------
